 Seeded DCSS version 0.27-a0-1312-g5cdb2b3542 (webtiles) character file.

Game seed: 14170726513584504176 (custom seed)

228958 flotson the Warrior (level 18, 0/150 (151) HPs)
             Began as a Demonspawn Delver on June 20, 2021.
             Was an Initiate of Gozag.
             Collided with a +3 glaive (10 damage)
             ... caused by a deep elf knight
             ... on level 1 of the Elven Halls.
             The game lasted 01:54:19 (56766 turns).

flotson the Warrior (Demonspawn Delver)            Turns: 56766, Time: 01:54:20

HP:   0/150 (151)   AC: 33    Str: 20    XL:     18   Next: 28%
MP:   0/19          EV: 13    Int: 12    God:    Gozag
Gold: 1232          SH: 18    Dex: 15    Spells: 13/19 levels left

rFire    + + .     SeeInvis +   a - +7 broad axe of Liomn {drain, rElec rPois rF+}
rCold    . . .     Faith    .   u - +0 tower shield
rNeg     + + .     Spirit   +   O - +6 shadow dragon scales
rPois    +         Reflect  .   x - +2 hat of the Bear Spirit {Spirit, +Rage rN+ Will++}
rElec    +         Harm     .   Z - scarf {+Inv}
rCorr    .         Rampage  .   Q - +2 pair of gloves {archery}
Will     +++++     Clarity  +   E - +1 pair of boots of Xawocac {*Corrode rPois Will+}
Stlth    ++++......             U - amulet of the Four Winds {rN+ Will+++ Clar}
HPRegen  0.35/turn              T - +4 ring of protection
MPRegen  0.16/turn              D - ring "Fiossunn" {rF+ Will+ SInv}

@: mighty, studying Evocations, lightly drained
A: hooves 2, repulsion field 2, demonic guardian 3, demonic magic 3
}: 2/15 runes: decaying, gossamer
a: Renounce Religion, Evoke Berserk Rage, Evoke Invisibility, Potion Petition,
Call Merchant, Bribe Branch


You were on level 1 of the Elven Halls.
You worshipped Gozag.
Gozag was most pleased with you.
You visited 7 branches of the dungeon, and saw 31 of its levels.
You visited the Abyss 1 time.
You also visited: Sewer and Bailey.

You collected 11204 gold pieces.
You spent 7487 gold pieces at shops.
You paid 2485 gold pieces to Gozag.

Inventory:

Hand Weapons
 a - the +7 broad axe of Liomn (weapon) {drain, rElec rPois rF+}
   (You acquired it on level 3 of the Swamp)

   A truly terrible weapon, it drains the life of those it strikes.
   It protects you from fire.
   It insulates you from electricity.
   It protects you from poison.
 b - a +0 hand crossbow of venom
 c - a +9 broad axe of protection
 d - the +1 war axe of the Head {vamp, rElec Dex+2}
   (You found it on level 4 of the Lair of Beasts)

   It inflicts no extra harm, but heals its wielder when it wounds a living foe.
   It affects your dexterity (+2).
   It insulates you from electricity.
Missiles
 r - a boomerang of dispersal (quivered)
 w - 8 datura-tipped darts
 y - 9 throwing nets
 z - 16 curare-tipped darts
 F - 2 javelins
 G - 359 bolts
 R - 8 atropa-tipped darts
Armour
 u - a +0 tower shield (worn)
 x - the +2 hat of the Bear Spirit (worn) {Spirit, +Rage rN+ Will++}
   (You bought it in a shop on level 2 of the Orcish Mines)

   It protects you from negative energy.
   It lets you go berserk.
   It greatly increases your willpower.
 E - the +1 pair of boots of Xawocac (worn) {*Corrode rPois Will+}
   (You found it on level 2 of the Spider Nest)

   It protects you from poison.
   It may corrode you when you take damage.
   It increases your willpower.
 O - +6 shadow dragon scales (worn)
 Q - a +2 pair of gloves of archery (worn)
 W - a +0 cloak of preservation
 Z - a scarf of invisibility (worn)
Jewellery
 D - the ring "Fiossunn" (right hand) {rF+ Will+ SInv}
   (You found it on level 12 of the Dungeon)

   [ring of willpower]

   It protects you from fire.
   It lets you see invisible.
   It increases your willpower.
 T - a +4 ring of protection (left hand)
 U - the amulet of the Four Winds (around neck) {rN+ Will+++ Clar}
   (You found it on level 2 of the Lair of Beasts)

   [amulet of nothing]

   It protects you from negative energy.
   It protects you against confusion.
   It greatly increases your willpower.
Wands
 g - a wand of digging (11)
 i - a wand of iceblast (20)
 j - a wand of polymorph (26)
 I - a wand of paralysis (20)
 V - a wand of flame (42)
 X - a wand of charming (14)
Scrolls
 e - 6 scrolls of silence
 h - 3 scrolls of vulnerability
 l - 6 scrolls of teleportation
 m - 2 scrolls of fog
 t - 4 scrolls of immolation
 A - a scroll of enchant weapon
 C - a scroll of summoning
 H - 10 scrolls of magic mapping
 M - a scroll of torment
 N - 3 scrolls of identify
 Y - a scroll of amnesia
Potions
 f - 6 potions of flight
 k - 4 potions of curing
 n - 4 potions of might
 o - 7 potions of ambrosia
 p - a potion of resistance
 q - a potion of heal wounds
 s - 3 potions of lignification
 v - 5 potions of attraction
 B - 4 potions of invisibility
 K - 2 potions of haste
 S - 4 potions of berserk rage
Miscellaneous
 J - a box of beasts
 L - a phial of floods
 P - a condenser vane (inert)


   Skills:
 + Level 16.0 Fighting
 * Level 9.9(11.6) Axes
 - Level 10.1(11.7) Polearms
 + Level 6.9 Crossbows
 - Level 1.0 Throwing
 + Level 12.1 Armour
 + Level 12.2 Dodging
 + Level 5.4 Stealth
 + Level 11.9 Shields
 - Level 1.0 Spellcasting
 - Level 1.0 Hexes
 + Level 5.2 Translocations
 - Level 14.0 Evocations


You had 13 spell levels left.
You knew the following spells:

 Your Spells              Type           Power      Damage    Failure   Level
a - Confusing Touch       Hex            3%         N/A       100%        3
b - Apportation           Tloc           26%        N/A       75%         1
c - Blink                 Tloc           N/A        N/A       87%         2

Your spell library contained the following spells:

 Spells                   Type           Power      Damage    Failure   Level
 Gell's Gravitas          Tloc           6%         N/A       98%         3
 Animate Skeleton         Necr           0%         N/A       100%        1
 Corona                   Hex            3%         N/A       100%        1
 Magic Dart               Conj           0%         1d3       100%        1
 Summon Small Mammal      Summ           0%         N/A       100%        1
 Call Imp                 Summ           0%         N/A       100%        2
 Ensorcelled Hibernation  Hex/Ice        2%         N/A       100%        2
 Slow                     Hex            3%         N/A       100%        2
 Conjure Flame            Conj/Fire      0%         6-21      100%        3
 Dazzling Flash           Conj/Hex       2%         N/A       100%        3
 Mephitic Cloud           Conj/Pois/Air  0%         N/A       100%        3
 Tukima's Dance           Hex            3%         N/A       100%        3
 Animate Armour           Summ/Erth      0%         N/A       100%        4
 Cause Fear               Hex            1%         N/A       100%        4
 Ice Form                 Ice/Tmut       0%         N/A       100%        4
 Petrify                  Tmut/Erth      0%         N/A       100%        4
 Summon Ice Beast         Ice/Summ       0%         N/A       100%        4
 Borgnjor's Vile Clutch   Necr/Erth      0%         N/A       100%        5
 Freezing Cloud           Conj/Ice/Air   0%         6-21      100%        5
 Metabolic Englaciation   Hex/Ice        0%         N/A       100%        5
 Silence                  Hex/Air        0%         N/A       100%        5
 Yara's Violent Unravell  Hex/Tmut       0%         3d3       100%        5
 Shadow Creatures         Summ           N/A        N/A       100%        6
 Simulacrum               Ice/Necr       0%         N/A       100%        6
 Ozocubu's Refrigeration  Ice            0%         4d5       100%        7
 Discord                  Hex            1%         N/A       100%        8


Dungeon Overview and Level Annotations

Branches:
Dungeon (13/15)            Temple (1/1) D:7            Lair (6/6) D:8
  Swamp (4/4) Lair:4       Spider (4/4) Lair:2        Slime (0/5) Lair:6
    Orc (2/2) D:11            Elf (1/3) Orc:2         Sewer (visited)
 Bailey (visited)
 Vaults: D:13-14

Altars:
Ashenzari
Cheibriados
Dithmenos
Elyvilon
Fedhas
Gozag
Hepliaklqana
Kikubaaqudgha
Makhleb
Nemelex Xobeh
Okawaru
Qazlal
Ru
Sif Muna
Trog
Uskayaw
Vehumet
Wu Jian
Xom
Yredelemnul
Zin
The Shining One
Beogh

Shops:
D:11 *:   D:12 *   Orc:2 (([=:[[[*   Elf:1 (   Spider:1 [

Portals:
Trove: D:10 (give 5 potions of resistance)

Annotations:
Abyss:1 Gastronok; Kuris's ghost, journeyman DsCK; atabob's ghost, novice DrCj; hatdisgam's ghost, amateur NaIE


Innate Abilities, Weirdness & Mutations

You have hoof-like feet.
You are surrounded by a moderate repulsion field. (EV +3)
A powerful demonic guardian rushes to your aid.
Spells you cast and wands you use may paralyse nearby enemies.


Message History

The deep elf knight is distracted by your dazzling golden aura.
You block the +3 glaive's attack.
The deep elf knight is empowered by the deep elf high priest's aura!
The deep elf knight shouts!
The deep elf high priest is no longer giving off an aura.
The +3 glaive hits you!
You miss the +3 glaive.
The deep elf knight is no longer distracted by gold.
The +3 glaive completely misses you.
The deep elf archer blinks!
The deep elf knight casts a spell at you.
The shard of ice hits you!!
* * * LOW HITPOINT WARNING * * *
You block the +3 glaive's attack.
The deep elf knight gestures at you while chanting.
You block the shard of ice.
You miss the +3 glaive.
The deep elf high priest is distracted by your dazzling golden aura.
You block the +3 glaive's attack.
The deep elf knight gestures wildly while chanting.
The deep elf knight seems to speed up.
The deep elf high priest shouts!
Unknown command.
Clouds of freezing vapour condense around you!
The condenser dries out!
The +3 glaive is engulfed in freezing vapours.
The +3 glaive hits you but does no damage.
The deep elf knight is engulfed in freezing vapours.
The deep elf high priest is engulfed in freezing vapours.
The deep elf knight blocks your attack.
The deep elf knight is lightly wounded.
You slash the +3 glaive!
The deep elf knight is engulfed in freezing vapours.
The deep elf knight points at you and mumbles some strange words.
The lance of force hits you!!
* * * LOW HITPOINT WARNING * * *
A demonic guardian appears!
You are knocked back by the lance of force.
You collide with the +3 glaive!
You die...
Your body crumbles into a pile of gold.

...# #.# #..... ##.# $ #.#
#..... #.# e.#..#e.# #.#
#....# #.# ...$$.ee8 #.#
###..# #.# ........8 #.#
#..# .# ..#..#o.###§# #..#
.(..o.8##§# .# #..# .e..8
#e# .# #..# + #$'###@# #.#
#..#
....#.(#$#(######..#####..#
.....$ee$$2e##.............#
.##.#######§##.##..####.....
# ##.##.##.####......
##...#..............
#.......#.####......
#........#.# ##.....
#............# ##...#


You could see a deep elf knight (fast, empowered), a deep elf high priest, a +3
glaive (ally target) and a friendly hell beast (summoned).

Vanquished Creatures
  Rupert (Lair:3)
  The ghost of Pauttozis the Markscentaur, an adept CeHu of Okawaru (Spider:1)
  A thorn hunter (Swamp:4)
  2 fenstrider witches
  An emperor scorpion (Spider:3)
  3 ghost moths
  An orc warlord (D:11)
  A deep elf demonologist (Elf:1)
  4 bunyips
  2 entropy weavers
  A deep elf death mage (Elf:1)
  A spark wasp (Spider:4)
  An eleionoma (Swamp:1)
  A deep elf high priest (Elf:1)
  17 hydras
  3 boulder beetles
  Erolcha (Orc:1)
  3 centaur warriors (D:13)
  Harold (D:7)
  A catoblepas (Lair:2)
  A spriggan air mage (Swamp:4)
  3 ghost crabs
  15 two-headed ogres
  4 ogre magi (Orc:2)
  8 alligators
  4 death yaks
  A tengu warrior (D:13)
  A deep elf knight (Elf:1)
  An orc high priest (Elf:1)
  A thrashing horror (Abyss:2)
  A wretched star (Abyss:2)
  5 goliath frogs
  5 spriggan druids
  2 bog bodies
  6 swamp dragons
  Pikel (D:7)
  3 deep elf archers (Elf:1)
  6 deep elf pyromancers (Elf:1)
  16 orb spiders
  2 orc knights
  8 deep elf zephyrmancers (Elf:1)
  31 wolf spiders
  An ugly thing (D:12)
  4 moths of wrath
  5 will-o-the-wisps
  Joseph (D:7)
  5 elephants
  2 torpor snails (Spider:1)
  A black mamba (Lair:4)
  4 komodo dragons
  Psyche (D:8)
  A gargoyle (D:12)
  9 cane toads
  6 kobold demonologists
  An efreet (D:12)
  3 rime drakes
  14 demonic crawlers
  2 unseen horrors (D:13)
  4 trolls
  3 tyrant leeches
  30 jumping spiders
  Prince Ribbit (D:7)
  8 polar bears
  14 hornets
  13 slime creatures
  14 dream sheep
  A raiju (Lair:6)
  8 blink frogs
  5 spriggans
  78 redbacks
  A flying skull (Abyss:2)
  A ynoxinul (Abyss:2)
  An air elemental (Elf:1)
  2 small abominations (Abyss:2)
  30 tarantellas
  2 wyverns
  A hog (Lair:5)
  50 yaks
  8 wraiths
  A fire elemental (Elf:1)
  A basilisk (Lair:1)
  2 steam dragons
  9 vampire mosquitoes
  8 wargs
  Menkaure (D:4)
  13 swamp worms
  3 acid dragons
  29 orc warriors
  13 water moccasins
  12 hell hounds (Lair:6)
  2 ice beasts (D:7)
  13 black bears
  7 swamp drakes
  A hornet zombie (D:7)
  2 necrophages
  28 ogres
  19 wolves
  A centaur (D:9)
  5 kobold brigands
  15 bullfrogs
  2 scorpions (D:6)
  An earth elemental (Elf:1)
  14 killer bees
  A water moccasin skeleton (D:4)
  8 wights
  2 electric eels (Lair:4)
  3 howler monkeys (D:7)
  A bullfrog zombie (D:5)
  2 centaur zombies
  2 hounds
  A centaur skeleton (D:6)
  14 orc priests
  5 jellies
  2 iron imps (Abyss:2)
  6 iguanas
  Natasha (thrice) (D:2)
  10 orc wizards
  A hound zombie (D:5)
  A hound skeleton (D:4)
  A howler monkey zombie (D:9)
  Robin (D:4)
  7 gnolls
  6 adders
  2 river rats
  A white imp (D:6)
  An ufetubus (D:6)
  4 worms
  3 dart slugs
  75 orcs
  10 ball pythons
  2 bats
  11 endoplasms
  3 giant cockroaches
  17 goblins
  13 hobgoblins
  4 jackals
  22 kobolds
  6 quokkas
  5 frilled lizards
  12 rats
977 creatures vanquished.

Vanquished Creatures (collateral kills)
  A thorn hunter (Swamp:4)
  2 emperor scorpions (Spider:4)
  A spark wasp (Spider:4)
  A bunyip (Swamp:3)
  An eleionoma (Swamp:4)
  8 hydras (Swamp:4)
  2 alligators (Swamp:1)
  A death yak (Lair:5)
  A spriggan berserker (Swamp:4)
  A swamp dragon (Swamp:4)
  A bog body (Swamp:4)
  An orb spider (Spider:1)
  4 wolf spiders
  A will-o-the-wisp (Swamp:4)
  A black mamba (Lair:1)
  A torpor snail (Lair:4)
  2 komodo dragons
  A jumping spider (Spider:1)
  A tyrant leech (Swamp:4)
  2 blink frogs (Lair:5)
  A hornet (Spider:4)
  4 redbacks
  2 tarantellas
  8 yaks
  A wyvern (Lair:3)
  A hell hound (Lair:6)
  2 swamp worms
  6 orc warriors
  3 swamp drakes (Swamp:4)
  A phantom (D:8)
  2 kobold brigands
  An orc wizard (D:7)
  A white imp (D:5)
  4 orcs
  3 giant cockroaches
  2 goblins (D:4)
  A frilled lizard (D:2)
  A kobold (D:7)
  2 rats (D:5)
80 creatures vanquished.

Vanquished Creatures (others)
  Kirke (Lair:6)
  A dancing weapon (Elf:1)
  An orb spider (Spider:1)
  3 bloated husks
  5 dream sheep (D:3)
  3 yaks (Lair:6)
  4 humans (Lair:6)
  A swamp worm (Swamp:3)
  2 bushes (Lair:6)
  56 foxfires
  49 fungi
  122 plants
248 creatures vanquished.

Grand Total: 1305 creatures vanquished

Notes
Turn   | Place    | Note
-------+----------+-------------------------------------------
     0 | D:5      | flotson the Demonspawn Delver began the quest for the Orb.
     0 | D:5      | Reached XP level 1. HP: 18/18 MP: 1/1
    57 | D:5      | Gained mutation: A weak demonic guardian rushes to your
                  | aid. [demonic ancestry]
    57 | D:5      | Reached XP level 2. HP: 11/24 MP: 2/2
   225 | D:5      | Found a glowing drain.
   262 | Sewer    | Entered a sewer
   269 | Sewer    | Reached skill level 1 in Armour
   269 | Sewer    | Gained mutation: Spells you cast may paralyse adjacent
                  | enemies. [demonic ancestry]
   269 | Sewer    | Reached XP level 3. HP: 21/29 MP: 3/3
   413 | Sewer    | Noticed a kobold brigand
   866 | Sewer    | Killed a kobold brigand
   867 | Sewer    | Gained mutation: Spells you cast may paralyse nearby
                  | enemies. [demonic ancestry]
   867 | Sewer    | Reached XP level 4. HP: 6/36 MP: 4/4
  1442 | D:5      | Noticed a black bear
  1692 | D:3      | Noticed a necrophage
  1702 | D:3      | Killed a necrophage
  1703 | D:3      | Reached skill level 4 in Fighting
  1703 | D:3      | Gained mutation: Spells you cast and wands you use may
                  | paralyse nearby enemies. [demonic ancestry]
  1703 | D:3      | Reached XP level 5. HP: 38/42 MP: 5/5
  2035 | D:2      | Noticed Natasha
  2116 | D:2      | Killed Natasha
  2433 | D:2      | Learned a level 3 spell: Confusing Touch
  2552 | D:2      | Gained mutation: A demonic guardian rushes to your aid.
                  | [demonic ancestry]
  2552 | D:2      | Reached XP level 6. HP: 48/48 MP: 6/6
  2758 | D:1      | Found a faded altar of an unknown god.
  3377 | D:2      | Noticed Natasha
  3392 | D:2      | Killed Natasha
  3448 | D:2      | Noticed Natasha
  3466 | D:2      | Killed Natasha
  3467 | D:2      | Reached skill level 1 in Evocations
  3589 | D:2      | Reached skill level 1 in Throwing
  4297 | D:3      | Noticed a dream sheep
  4297 | D:3      | Noticed a dream sheep
  4297 | D:3      | Noticed a dream sheep
  4297 | D:3      | Noticed a dream sheep
  4297 | D:3      | Noticed a dream sheep
  4297 | D:3      | Found a shimmering altar of Xom.
  4298 | D:3      | Killed a dream sheep
  4299 | D:3      | Reached skill level 1 in Hexes
  4302 | D:3      | Killed a dream sheep
  4302 | D:3      | Killed a dream sheep
  4303 | D:3      | Killed a dream sheep
  4303 | D:3      | Killed a dream sheep
  4335 | D:3      | Found an ancient bone altar of Kikubaaqudgha.
  4494 | D:4      | Noticed Menkaure
  4585 | D:4      | Reached skill level 1 in Spellcasting
  4585 | D:4      | Gained mutation: You are surrounded by a mild repulsion
                  | field. (EV +2) [demonic ancestry]
  4585 | D:4      | Reached XP level 7. HP: 37/55 MP: 8/8
  4777 | D:4      | Killed Menkaure
  4932 | D:4      | Found a large runed translucent door.
  4932 | D:4      | Found a large runed translucent door.
  4934 | D:4      | Noticed hatdisgam's ghost (amateur NaIE)
  4938 | D:4      | Identified the +3 helmet "Haof" {Int+5 Stlth+}
  4938 | D:4      | Noticed Robin
  4949 | D:4      | Killed Robin
  4950 | D:4      | Reached skill level 1 in Shields
  5497 | D:5      | Reached skill level 5 in Fighting
  5497 | D:5      | Reached skill level 1 in Polearms
  5693 | D:5      | Reached XP level 8. HP: 62/62 MP: 9/9
  6978 | D:6      | Found a radiant altar of Vehumet.
  7721 | D:7      | Noticed Harold
  7764 | D:7      | Killed Harold
  7765 | D:7      | Reached XP level 9. HP: 42/69 MP: 10/10
  7943 | D:7      | Reached skill level 5 in Dodging
  8035 | D:7      | Found a sacrificial altar of Ru.
  8135 | D:7      | Found a staircase to the Ecumenical Temple.
  8146 | Temple   | Entered the Ecumenical Temple
  8210 | Temple   | Became a worshipper of Gozag Ym Sagoz the Greedy
  8271 | D:7      | Found a basalt altar of Yredelemnul.
  8309 | D:7      | Noticed Prince Ribbit
  8416 | D:7      | Noticed Joseph
  8425 | D:7      | Reached skill level 6 in Fighting
  8441 | D:7      | Killed Joseph
  8828 | D:7      | Noticed a two-headed ogre
  8829 | D:7      | Noticed Pikel
  8943 | D:7      | Killed a two-headed ogre
  8944 | D:7      | Reached skill level 5 in Armour
  8944 | D:7      | Reached skill level 5 in Evocations
  8979 | D:7      | Killed Pikel
  8980 | D:7      | Reached XP level 10. HP: 77/77 MP: 11/11
  9039 | D:7      | Reached skill level 7 in Fighting
  9468 | D:7      | Killed Prince Ribbit
  9475 | D:8      | Noticed a two-headed ogre
  9491 | D:8      | Killed a two-headed ogre
  9579 | D:8      | Noticed Psyche
  9675 | D:8      | Reached skill level 5 in Shields
  9770 | D:8      | Noticed a two-headed ogre
  9799 | D:8      | Killed a two-headed ogre
  9800 | D:8      | Reached skill level 5 in Polearms
 10054 | D:8      | Found a shadowy altar of Dithmenos.
 10115 | D:8      | Found a staircase to the Lair.
 10479 | D:8      | Found a runed translucent gate.
 10480 | D:8      | Found a runed translucent gate.
 10480 | D:8      | Found a runed translucent gate.
 10482 | D:8      | Noticed atabob's ghost (novice DrCj)
 10699 | D:8      | Found a staircase to the Lair.
 10737 | D:8      | Killed Psyche
 10862 | D:8      | Found a shadowy altar of Dithmenos.
 11214 | D:9      | Found a flagged portal.
 11238 | Bailey   | Entered a bailey
 11906 | Bailey   | Reached XP level 11. HP: 59/86 MP: 12/12
 12517 | Bailey   | Noticed an orc knight
 12726 | Bailey   | Reached skill level 8 in Fighting
 12761 | Bailey   | Banished an orc knight
 14262 | D:10     | Entered Level 10 of the Dungeon
 14736 | D:10     | Found a shimmering blue altar of Sif Muna.
 14812 | D:10     | Noticed a two-headed ogre
 14816 | D:10     | Banished a two-headed ogre
 14817 | D:10     | Reached skill level 9 in Fighting
 14825 | D:10     | Found a portal to a secret trove of treasure.
 15308 | Lair:1   | Entered Level 1 of the Lair of Beasts
 15715 | Lair:1   | You fall into a shaft and drop 1 floor!
 15817 | Lair:2   | Reached XP level 12. HP: 80/97 MP: 13/13
 15992 | Lair:2   | Found the amulet of the Four Winds {rN+ Will+++ Clar}
 16178 | Lair:2   | Noticed a catoblepas
 16438 | Lair:2   | Noticed an eight-headed hydra
 16591 | Lair:1   | Reached skill level 10 in Fighting
 17288 | Lair:2   | Killed a catoblepas
 17420 | Lair:2   | Banished an eight-headed hydra
 17548 | Lair:2   | Noticed Gastronok
 17559 | Lair:2   | Banished Gastronok
 17632 | Lair:2   | Noticed a boulder beetle
 17646 | Lair:2   | Killed a boulder beetle
 17860 | Lair:2   | Found a hole to the Spider Nest.
 18235 | Lair:3   | Noticed Rupert
 18460 | Lair:3   | Reached skill level 11 in Fighting
 19029 | Lair:3   | Noticed a death yak
 19082 | Lair:3   | Noticed a death yak
 19088 | Lair:3   | Noticed a death yak
 19088 | Lair:3   | Noticed a death yak
 19111 | Lair:2   | Banished a death yak
 19112 | Lair:2   | Reached XP level 13. HP: 74/106 MP: 14/14
 19972 | Lair:3   | Killed Rupert
 20765 | Lair:4   | Reached skill level 12 in Fighting
 21033 | Lair:4   | Identified the +1 war axe of the Head {vamp, rElec Dex+2}
 21036 | Lair:4   | Found a staircase to the Swamp.
 22492 | Lair:5   | Found a runed translucent door.
 22493 | Lair:5   | Found a shimmering altar of Xom.
 22493 | Lair:5   | Noticed Kuris's ghost (journeyman DsCK)
 22985 | Lair:5   | Gained mutation: You are surrounded by a moderate repulsion
                  | field. (EV +3) [demonic ancestry]
 22985 | Lair:5   | Reached XP level 14. HP: 75/116 MP: 15/15
 23538 | Lair:6   | Entered Level 6 of the Lair of Beasts
 23609 | Lair:6   | Reached skill level 10 in Evocations
 23680 | Lair:6   | Noticed Kirke
 23684 | Lair:6   | Noticed a sphinx
 24368 | Lair:6   | Reached skill level 13 in Fighting
 24722 | Lair:6   | Found a staircase to the Slime Pits.
 24722 | Lair:6   | Killed Kirke
 25016 | Lair:6   | Reached skill level 10 in Dodging
 26199 | Lair:6   | Reached skill level 10 in Armour
 27765 | Lair:5   | Banished Kuris's ghost
 28052 | D:8      | Banished atabob's ghost
 28271 | D:4      | Banished hatdisgam's ghost
 28912 | D:11     | Found Comacuwk's Assorted Antiques.
 28922 | D:11     | Bought a scroll of identify for 50 gold pieces
 28922 | D:11     | Bought a scroll of identify for 50 gold pieces
 28922 | D:11     | Bought a scroll labelled NYCZUE WIOLAZY for 25 gold pieces
 28922 | D:11     | Identified 4 scrolls of acquirement
 28923 | D:11     | Acquired a manual of Evocations
 28925 | D:11     | Acquired the amulet "Jenod" {RegenMP Drain rN+++ Str-3
                  | Stlth+}
 28926 | D:11     | Acquired a +4 broad axe of venom
 28927 | D:11     | Acquired a +2 pair of gloves of archery
 28929 | D:11     | Cast into level 2 of the Abyss (unwielding a weapon of
                  | distortion)
 28996 | Abyss:2  | Reached skill level 10 in Shields
 29005 | Abyss:2  | Noticed a cacodemon
 29048 | Abyss:2  | Gained mutation: You have large cloven feet. [demonic
                  | ancestry]
 29048 | Abyss:2  | Reached XP level 15. HP: 70/125 MP: 11/11
 29133 | Abyss:2  | Noticed a bone dragon
 29278 | Abyss:2  | Reached skill level 14 in Fighting
 29368 | D:11     | Escaped the Abyss
 29749 | D:11     | Found Ykkuob's Book Shoppe.
 29898 | D:11     | Found a staircase to the Orcish Mines.
 30055 | D:11     | Reached skill level 1 in Crossbows
 30429 | Orc:1    | Entered Level 1 of the Orcish Mines
 30442 | Orc:1    | Noticed Erolcha
 31447 | D:12     | Found Dexteomm's Gadget Gallery.
 31455 | D:12     | Bought a condenser vane for 400 gold pieces
 31455 | D:12     | Identified the ring "Fiossunn" {rF+ Will+ SInv}
 32654 | D:13     | Reached skill level 10 in Polearms
 33382 | D:13     | Found a hide-covered altar of Uskayaw.
 33880 | Orc:1    | Killed Erolcha
 34421 | Orc:1    | Noticed an orc warlord
 34484 | D:11     | Killed an orc warlord
 34868 | Orc:2    | Entered Level 2 of the Orcish Mines
 35190 | Orc:2    | Found Pemuoram's Armour Shop.
 35274 | Orc:2    | Found Ceumof's General Store.
 35282 | Orc:2    | Bought a potion of lignification for 51 gold pieces
 35282 | Orc:2    | Bought a scroll of identify for 34 gold pieces
 35282 | Orc:2    | Bought a scroll of identify for 34 gold pieces
 35290 | Orc:2    | Bought a scroll of enchant weapon for 127 gold pieces
 35390 | Orc:2    | Found Cam Sewu's Book Emporium.
 36071 | Orc:2    | Reached skill level 5 in Axes
 36222 | Orc:2    | Found Jiboik's Weapon Shoppe.
 36222 | Orc:2    | Found Sistas's Antique Armour Boutique.
 36223 | Orc:2    | Found Tufur's Antique Weapon Boutique.
 36223 | Orc:2    | Found Tivacush's Jewellery Emporium.
 36450 | Orc:2    | Found a staircase to the Elven Halls.
 36813 | Orc:2    | Bought the +2 hat of the Bear Spirit {Spirit, +Rage rN+
                  | Will++} for 1368 gold pieces
 36813 | Orc:2    | Found the +2 hat of the Bear Spirit {Spirit, +Rage rN+
                  | Will++}
 36824 | Orc:2    | Bought a crude scale mail for 315 gold pieces
 36824 | Orc:2    | Identified the +2 scale mail of the Thunderstorm {rElec rC-
                  | Str+5 Dex-3} (You bought it in a shop on level 2 of the
                  | Orcish Mines)
 36824 | Orc:2    | Bought a twisted scale mail for 315 gold pieces
 36824 | Orc:2    | Identified the +2 scale mail of Hopscotch {rC+ Will+ Int-3
                  | Dex+4} (You bought it in a shop on level 2 of the Orcish
                  | Mines)
 36901 | Orc:2    | Bought a polished ring mail for 234 gold pieces
 36901 | Orc:2    | Identified the +4 ring mail of Wu Jian's Castigation
                  | {Slay+2} (You bought it in a shop on level 2 of the Orcish
                  | Mines)
 36991 | Orc:2    | Bought a dazzling chain mail for 332 gold pieces
 36991 | Orc:2    | Identified the +0 chain mail of the Apothecary {+Blink
                  | Str+5} (You bought it in a shop on level 2 of the Orcish
                  | Mines)
 36991 | Orc:2    | Bought a steaming ring mail for 315 gold pieces
 36991 | Orc:2    | Identified the +2 ring mail "Cuinwougu" {rPois rF+} (You
                  | bought it in a shop on level 2 of the Orcish Mines)
 36991 | Orc:2    | Bought a pair of runed gloves for 262 gold pieces
 36991 | Orc:2    | Bought an embroidered cloak for 262 gold pieces
 37189 | Orc:2    | Bought the +5 ring mail of the Circus Animal {rPois rCorr
                  | Dex-3} for 474 gold pieces
 37399 | Spider:1 | Entered Level 1 of the Spider Nest
 38247 | Spider:1 | Reached skill level 15 in Fighting
 38256 | Lair:2   | Gained mutation: You have hoof-like feet. [demonic
                  | ancestry]
 38256 | Lair:2   | Reached XP level 16. HP: 59/136 MP: 14/17
 39068 | Spider:1 | You fall into a shaft and drop 1 floor!
 39268 | Spider:1 | Learned a level 1 spell: Apportation
 39271 | Spider:1 | Learned a level 2 spell: Blink
 39966 | Spider:1 | Reached skill level 1 in Translocations
 40385 | Swamp:1  | Entered Level 1 of the Swamp
 43987 | Swamp:3  | Reached skill level 5 in Crossbows
 44376 | Swamp:3  | Acquired the +7 broad axe of Liomn {drain, rElec rPois rF+}
 44590 | Swamp:4  | Entered Level 4 of the Swamp
 46576 | Swamp:4  | Gained mutation: A powerful demonic guardian rushes to your
                  | aid. [demonic ancestry]
 46576 | Swamp:4  | Reached XP level 17. HP: 94/142 MP: 14/18
 48955 | Swamp:4  | Got a decaying rune of Zot
 50632 | Spider:2 | Found a runed translucent door.
 50650 | Spider:2 | Noticed Pauttozis's ghost (adept CeHu)
 50709 | Spider:1 | Killed Pauttozis's ghost
 51090 | Spider:2 | Identified the +1 pair of boots of Xawocac {*Corrode rPois
                  | Will+}
 52631 | Orc:2    | Bought shadow dragon scales for 2800 gold pieces
 52884 | Spider:4 | Entered Level 4 of the Spider Nest
 54524 | Spider:4 | Reached XP level 18. HP: 105/146 MP: 19/19
 54947 | Spider:4 | Reached skill level 5 in Stealth
 55196 | Spider:4 | Reached skill level 5 in Translocations
 55398 | Spider:4 | Got a gossamer rune of Zot
 55836 | Elf:1    | Entered Level 1 of the Elven Halls
 56251 | Elf:1    | Found a shimmering altar of Xom.
 56325 | Elf:1    | Found Becvatan's Weapon Boutique.
 56446 | Elf:1    | Bought 5 curare-tipped darts for 39 gold pieces
 56741 | Elf:1    | Identified the +2 mace of Foczitew {drain, rF+ rC+}
 56745 | Elf:1    | Noticed a Tzitzimitl
 56754 | Elf:1    | Noticed an Ice Fiend
 56755 | Elf:1    | Reached skill level 16 in Fighting
 56766 | Elf:1    | Collided with a +3 glaive

Illustrated notes

Levels and vault maps discovered:
D:1:      shiori_arrival_elements, layout_loops_ring,
          ebering_ecumenical_altar_webs, st_stairs_11
D:2:      wad_woods_settlement, layout_basic, minmay_divided_ellipse,
          uniq_natasha
D:3:      layout_basic, kb_xom_exploding_sheep, nicolae_overflow_crystal_walls
D:4:      layout_rooms, ebering_ghost_disaster_area, uniq_menkaure, uniq_robin
D:5:      layout_rooms, portal_sewer_entry_c
D:6:      layout_loops_ring, vehumet_altar_wand_db
D:7:      layout_gridville, hangedman_ru_absence,
          gammafunk_temple_overflow_claw, minmay_temple_entry_antechambers,
          uniq_pikel, uniq_harold, uniq_prince_ribbit1, uniq_joseph
D:8:      layout_cave_pools, grunt_dithmenos_shadows, david_lair_shrubbed,
          gammafunk_ghost_spectres, grunt_ministairs_14, uniq_psyche
D:9:      layout_roguey, enter_bailey_3, minmay_starry_boxes
D:10:     layout_rooms, lemuel_doored_altar, nicolae_trove_entry_crossroad
D:11:     layout_basic, david_orc_1_choice, serial_shops, nicolae_diamond_shop,
          shop_fountains
D:12:     layout_irregular_city, nicolae_shop_gadgets
D:13:     layout_roguey, nicolae_uskayaw_suspiria
Temple:   cyrus_circular_temple
Lair:1:   layout_gridlike, grunt_megastairs_3, lemuel_fruit_tree
Lair:2:   layout_gridlike, spider_nest_entry_funnel_web, lemuel_fruit_fields,
          uniq_gastronok
Lair:3:   layout_cellular_growth, grunt_megastairs_2, uniq_rupert
Lair:4:   layout_regular_city, minmay_swamp_entry_reptiles, serial_bayou_pond_b,
          serial_bayou_pond_a, serial_bayou_shore_a
Lair:5:   layout_layer_cave, ebering_ghost_xom, serial_bayou_shore_b
Lair:6:   hangedman_lair_caniforms_friends, layout_layer_cave,
          nicolae_slime_entry_slimehenge, grunt_megastairs_5, uniq_kirke
Swamp:1:  layout_basic_swamp, evilmike_swamp_ruin_house_6, swamp_pool4
Swamp:2:  layout_falls_marsh, evilmike_swamp_ruin_rubble_2, swamp_pool2
Swamp:3:  layout_falls_marsh, evilmike_swamp_ruin_house_5
Swamp:4:  swamp_basic_johnstein, layout_basic_swamp, infiniplex_staircase_pool
Spider:1: layout_spider_delve
Spider:2: layout_spider_delve, ebering_ghost_reflecting_pool,
          nicolae_spider_moth_buddies
Spider:3: layout_spider_delve, drop_trap
Spider:4: grunt_spider_rune_parallel
Orc:1:    layout_caves, basic_altar, uniq_erolcha
Orc:2:    st_orc_ogre_mass, layout_caves, serial_shops, shop, shop, shop_statue,
          mines1_david
Elf:1:    minmay_elf_arrival_circle, layout_loops_ring, basic_altar,
          serial_shops, nicolae_shop_stone, orc_legates

Skill      XL: |  1  2  3  4  5  6  7  8  9 10 11 12 13 14 15 16 17 18 |
---------------+-------------------------------------------------------+-----
Axes           | 2 3 5 7 9 |  9.9
Dodging        | 2 3 4 5 6 7 8 9 10 11 12 | 12.2
Armour         | 1 2 3 4 5 6 7 8 9 10 11 12 | 12.1
Fighting       | 4 5 6 7 9 11 12 13 15 16 | 16.0
Evocations     | 1 2 4 5 6 7 8 9 10 12 13 14 | 14.0
Throwing       | 1 |  1.0
Hexes          | 1 |  1.0
Spellcasting   | 1 |  1.0
Shields        | 1 3 4 5 6 8 9 10 11 | 11.9
Polearms       | 1 2 4 5 6 7 8 9 10 | 10.1
Crossbows      | 3 5 6 |  6.9
Translocations | 3 4 5 |  5.2
Stealth        | 5 |  5.4

Action                   |  1- 3 |  4- 6 |  7- 9 | 10-12 | 13-15 | 16-18 || total
-------------------------+-------+-------+-------+-------+-------+-------++-------
Melee: Hand axe          |    47 |     7 |       |       |       |       ||    54
       War axe           |       |    67 |       |       |       |       ||    67
       Spear             |       |   143 |   278 |   820 |  1303 |       ||  2544
       Broad axe         |       |       |       |       |   479 |   965 ||  1444
 Fire: Hand crossbow     |       |       |       |       |   197 |   563 ||   760
Throw: Dart              |    10 |     8 |    13 |    77 |    21 |       ||   129
       Boomerang         |       |       |       |       |    19 |     2 ||    21
Invok: Call Merchant     |       |       |       |       |     2 |     1 ||     3
 Abil: Evoke Invisibilit |       |       |       |       |       |     2 ||     2
       Evoke Berserk Rag |       |       |       |       |       |     1 ||     1
Evoke: Wand              |       |     1 |     6 |    22 |     6 |    25 ||    60
       Phial of floods   |       |       |       |       |     1 |       ||     1
       Condenser vane    |       |       |       |       |       |     2 ||     2
       Box of beasts     |       |       |       |       |       |     1 ||     1
  Use: Potion            |     1 |     1 |       |     3 |       |    14 ||    19
       Scroll            |     1 |     7 |     1 |     8 |    18 |    25 ||    60
 Stab: Sleeping          |     1 |     9 |     7 |    15 |     6 |     2 ||    40
       Distracted        |       |     2 |     4 |     2 |    11 |    13 ||    32
       Paralysed         |       |       |     9 |    20 |       |     2 ||    31
       Confused          |       |       |       |       |       |     3 ||     3
       Invisible         |       |       |       |       |       |     9 ||     9
Armor: Leather armour    |    14 |     4 |       |       |       |       ||    18
       Chain mail        |       |    62 |       |       |       |       ||    62
       Ring mail         |       |     5 |    57 |       |   133 |   703 ||   898
       Scale mail        |       |       |    39 |   217 |   667 |       ||   923
       Shadow dragon sca |       |       |       |       |       |   307 ||   307
Dodge: Dodged            |    52 |    83 |    77 |   300 |   893 |  1095 ||  2500
Block: Tower shield      |       |     2 |   169 |   626 |  1601 |  1769 ||  4167

Table legend: (Time is in decaauts)
 A = Elapsed time spent in this place.
 B = Non-inter-level travel time spent in this place.
 C = Inter-level travel time spent in this place.
 D = Time resting spent in this place.
 E = Time spent auto-exploring this place.
 F = Levels seen in this place.
 G = Mean time per level.
                   A        B        C        D        E       F      G
               +--------+--------+--------+--------+--------+-----+--------+
         Total |  58594 |  55062 |   3532 |   6674 |  36951 |  34 | 1723.4 |
       Dungeon |  19384 |  17747 |   1637 |   2566 |  11847 |  13 | 1491.1 |
        Temple |     79 |     64 |     15 |      0 |     52 |   1 |   79.0 |
          Lair |  14434 |  13408 |   1026 |   1364 |   9328 |   6 | 2405.7 |
         Swamp |   8877 |   8670 |    207 |   1078 |   6173 |   4 | 2219.2 |
   Spider Nest |   8196 |   7971 |    225 |    818 |   5546 |   4 | 2049.0 |
  Orcish Mines |   3480 |   3060 |    420 |    280 |   1797 |   2 | 1740.0 |
   Elven Halls |    991 |    991 |      0 |      0 |    690 |   1 |  991.0 |
         Abyss |    477 |    477 |      0 |      3 |    148 |   1 |  477.0 |
         Sewer |   1045 |   1045 |      0 |    259 |    475 |   1 | 1045.0 |
        Bailey |   1626 |   1626 |      0 |    304 |    893 |   1 | 1626.0 |
               +--------+--------+--------+--------+--------+-----+--------+

Top non-repeatable levels by time:
 Swamp:4: 4075 daAuts
  Lair:2: 3689 daAuts
  Lair:6: 3325 daAuts
    D:11: 3044 daAuts
Spider:1: 2606 daAuts
Spider:4: 2475 daAuts
  Lair:5: 2397 daAuts
     D:8: 2374 daAuts
   Orc:2: 2164 daAuts
 Swamp:3: 2083 daAuts
  Lair:3: 2072 daAuts
     D:5: 1985 daAuts
  Lair:4: 1875 daAuts
Spider:2: 1781 daAuts
     D:7: 1689 daAuts
